 Dungeon Crawl Stone Soup version 0.21-a0-176-gb3d4b37 (webtiles) character file.

5211 ToeKneeGee the Spear-Bearer (level 10, 0/129 HPs)
             Began as a Hill Orc Fighter on Aug 8, 2017.
             Was a Priest of Fedhas.
             Slain by a gnoll sergeant
             ... wielding a +4 spear of venom
              (3 damage)
             ... on level 9 of the Dungeon.
             The game lasted 01:32:26 (9625 turns).

ToeKneeGee the Spear-Bearer (Hill Orc Fighter)      Turns: 9625, Time: 01:32:28

Health: 0/129      AC: 28    Str: 23    XL:     10   Next: 61%
Magic:  9/10       EV:  2    Int:  8    God:    Fedhas [***...]
Gold:   324        SH: 11    Dex: 10    Spells: 5/9 levels left

rFire    + . .     SeeInvis .   x - +1 trident (venom)
rCold    + . .     Gourm    .   c - +0 shield
rNeg     + + +     Faith    .   (armour currently unavailable)
rPois    +         Spirit   .   (helmet currently unavailable)
rElec    +         Reflect  .   (cloak currently unavailable)
rCorr    +         Harm     .   (gloves currently unavailable)
MR       .....     NoTele   +   (boots currently unavailable)
Stlth    ++........             (no amulet)
HPRegen  0.31/turn              w - +3 ring of protection
MPRegen  0.12/turn              q - ring of stealth

@: lethally poisoned (0 -> -11), tree-form, resistant
A: screaming 1
a: Fungal Bloom, Evolution, Sunlight, Growth, Renounce Religion


You were on level 9 of the Dungeon.
You worshipped Fedhas.
Fedhas was most pleased with you.
You were not hungry.
You were a tree.
You visited 2 branches of the dungeon, and saw 10 of its levels.

You collected 324 gold pieces.

Inventory:

Hand Weapons
 a - a +1 war axe
 d - a +1 spear of flaming
 e - a +0 broad axe
 i - a +2 dagger of venom
 j - a +2 short sword of draining
 r - a +0 club
 x - a +1 trident of venom (weapon)
 C - a +0 hand axe
 D - a +0 shortbow
 J - a +2 dagger of protection
 K - a +1 quarterstaff of protection
 P - a +0 hunting sling
 Q - a +0 spear
Missiles
 g - 169 arrows
 k - 51 sling bullets
 p - 2 throwing nets
 E - 2 javelins (quivered)
 M - 4 tomahawks
 R - 17 bolts
Armour
 b - a +1 scale mail
 c - a +0 shield (worn)
 m - a +2 pair of boots of stealth (melded)
 o - a +1 plate armour (melded)
 B - a +0 pair of gloves (melded)
 F - a +2 cloak (melded)
 I - a +2 leather armour of fire resistance
Jewellery
 q - a ring of stealth (right branch)
 u - an uncursed ring of flight
 w - a +3 ring of protection (left branch)
 X - an uncursed ring of resist corrosion {unknown}
Wands
 t - a wand of lightning (8/15)
 Z - a wand of iceblast (5/15)
Scrolls
 h - a scroll of remove curse
 n - 5 scrolls of fear
 N - 2 scrolls of teleportation
 S - 2 scrolls of identify
Potions
 l - 3 potions of mutation
 s - 2 potions of flight
 G - a potion of cancellation
Books
 y - a book of Beasts

   Spells                             Type                      Level
   a - Summon Butterflies             Summoning                    1
   b - Call Canine Familiar           Summoning                    3
   c - Summon Ice Beast               Ice/Summoning                4
   d - Summon Mana Viper              Hexes/Summoning              5
   e - Summon Hydra                   Summoning                    7
 T - a book of Misfortune

   Spells                             Type                      Level
   a - Confusing Touch                Hexes                        1
   b - Confuse                        Hexes                        3
   c - Gell's Gravitas                Translocation                3
   d - Petrify                        Transmutation/Earth          4
   e - Metabolic Englaciation         Hexes/Ice                    5
   f - Yara's Violent Unravelling     Hexes/Transmutation          5
Comestibles
 f - 2 bread rations
 A - 2 meat rations
 U - a royal jelly


   Skills:
 + Level 7.3 Fighting
 + Level 6.3(9.4) Axes
 + Level 9.1(9.7) Polearms
 + Level 1.0 Throwing
 + Level 7.9 Armour
 + Level 2.4 Dodging
 + Level 1.2 Stealth
 + Level 9.1 Shields
 + Level 0.2 Spellcasting
 + Level 0.6 Summonings


You had 5 spell levels left.
You knew the following spells:

 Your Spells              Type           Power        Failure   Level  Hunger
a - Call Canine Familiar  Summ           #.......     91%         3    ####...
b - Summon Butterflies    Summ           #.......     58%         1    ##.....


Dungeon Overview and Level Annotations

Branches:
Dungeon (9/15)             Temple (1/1) D:5
   Lair: D:8-11         Orc: D:9-12

Altars:
Ashenzari
Cheibriados
Dithmenos
Elyvilon
Fedhas
Gozag
Hepliaklqana
Kikubaaqudgha
Makhleb
Nemelex Xobeh
Okawaru
Qazlal
Ru
Sif Muna
Trog
Uskayaw
Vehumet
Wu Jian
Xom
Yredelemnul
Zin
The Shining One


Innate Abilities, Weirdness & Mutations

((You are partially covered in thin metallic scales. (AC +2)))
You occasionally shout uncontrollably at your foes.
((You are resistant to electric shocks. (rElec)))


Message History

Aim: a gnoll sergeant, wielding a spear of venom and wearing a scale mail You throw a javelin.
Fedhas protects your plant from harm.
The javelin hits the gnoll sergeant!
The gnoll sergeant is moderately wounded.
* * * LOW HITPOINT WARNING * * *
You feel sick. The gnoll hits you but does no damage.
You block the gnoll sergeant's attack. The gnoll hits you but does no damage.
Throwing (i - inventory. (,) - cycle):
E - 3 javelins (quivered)
Press: ? - help, Shift-Dir - straight line, f/p - gnoll sergeant
Aim: a gnoll sergeant, wielding a spear of venom and wearing a scale mail (moderately wounded)
You throw a javelin. Fedhas protects your plant from harm.
The javelin hits the gnoll sergeant but does no damage.
The gnoll sergeant is moderately wounded.
* * * LOW HITPOINT WARNING * * *
You feel very sick.
The gnoll sergeant hits you from afar with a spear of venom.
You die...
Fedhas appreciates your contribution to the ecosystem.

,,,,* *,....,* ,,,,*
*,...,,* ,,,,* *,..,,,*
**,********* **.#*,,* ##**
*,,,,,* ######.##+## .#
*,,,,,* #....(.....# .#
*,,,,,* #.gg..g....# .#
*,.,,,***##P###.....# .#
*.##***,,#P♣..#...[.#
######..,*,,,,#PP..#..g..#
......#,,*,,,,#....#...g.#
......#,,***,,#....#gg...#
......#,,***,,#....#.....#
......#,,,,,,,+....+.....#
......#,,,,,,,#....#+####**
##....#,,,,,,,#..........,*
.#....#,,,,,,,#..........,*


You could see a gnoll sergeant and a gnoll.

Vanquished Creatures
  2 two-headed ogres (D:8)
  2 hippogriffs
  A steam dragon (D:8)
  3 orc warriors (D:6)
  3 sky beasts
  A black bear (D:6)
  3 ice beasts
  The ghost of strifetoe the Chopper, an amateur GnSk (D:3)
  5 centaurs
  2 ogres
  3 bullfrogs
  5 killer bees (D:8)
  2 howler monkeys
  2 crimson imps
  A quasit (D:8)
  3 jellies
  3 orc priests
  4 hounds
  Jessica (D:2)
  2 bullfrog skeletons (D:5)
  Terence (D:2)
  An iguana (D:8)
  11 orc wizards
  7 worker ants
  3 hound skeletons
  2 worker ant zombies (D:5)
  11 adders
  11 gnolls
  3 shadow imps
  An ooze (D:1)
  2 worms
  A dart slug (D:1)
  5 leopard geckos
  25 orcs
  2 ball pythons
  5 bats
  8 giant cockroaches
  9 goblins
  3 hobgoblins (D:1)
  3 jackals (D:7)
  8 kobolds
  7 quokkas
  12 frilled lizards
  A jackal zombie (D:7)
  A quokka skeleton (D:4)
  A quokka zombie (D:5)
  10 rats
203 creatures vanquished.

Vanquished Creatures (others)
  93 toadstools
93 creatures vanquished.

Grand Total: 296 creatures vanquished

Notes
Turn   | Place    | Note
-------+----------+-------------------------------------------
     0 | D:1      | ToeKneeGee the Hill Orc Fighter began the quest for the Orb.
     0 | D:1      | Reached XP level 1. HP: 19/19 MP: 1/1
   102 | D:1      | Reached XP level 2. HP: 22/27 MP: 2/2
   438 | D:1      | Reached XP level 3. HP: 27/33 MP: 3/3
  1042 | D:2      | Noticed Jessica
  1049 | D:2      | Killed Jessica
  1049 | D:2      | Reached XP level 4. HP: 38/40 MP: 4/4
  1506 | D:2      | Noticed Terence
  1523 | D:2      | Killed Terence
  1598 | D:2      | Reached skill level 1 in Dodging
  1759 | D:2      | Reached XP level 5. HP: 31/46 MP: 5/5
  2440 | D:3      | Reached skill level 5 in Axes
  2908 | D:3      | Noticed strifetoe's ghost (amateur GnSk)
  2934 | D:3      | Killed strifetoe's ghost
  2934 | D:3      | Reached XP level 6. HP: 34/53 MP: 6/6
  3134 | D:4      | Gained mutation: You are resistant to electric shocks. (rElec) [potion of mutation]
  3134 | D:4      | Gained mutation: You occasionally shout uncontrollably at your foes. [potion of mutation]
  3134 | D:4      | Gained mutation: You are partially covered in thin metallic scales. (AC +2) [potion of mutation]
  3145 | D:4      | Reached skill level 5 in Fighting
  3145 | D:4      | Reached XP level 7. HP: 15/61 MP: 7/7
  3585 | D:4      | Found a blossoming altar of Fedhas.
  3604 | D:4      | Became a worshipper of Fedhas Madash
  3740 | D:4      | Reached skill level 1 in Polearms
  3946 | D:4      | Reached skill level 5 in Shields
  4349 | D:5      | Entered Level 5 of the Dungeon
  4460 | D:5      | Found a staircase to the Ecumenical Temple.
  4505 | D:5      | Found a shimmering altar of Xom.
  4522 | D:5      | Found a radiant altar of Vehumet.
  4681 | D:5      | Learned a level 3 spell: Call Canine Familiar
  4681 | D:5      | Noticed a spatial vortex
  4788 | D:5      | Reached skill level 5 in Armour
  4788 | D:5      | Reached XP level 8. HP: 68/68 MP: 8/8
  5353 | Temple   | Entered the Ecumenical Temple
  5888 | D:6      | Found a glowing golden altar of the Shining One.
  5936 | D:6      | Learned a level 1 spell: Summon Butterflies
  6239 | D:6      | Reached skill level 5 in Polearms
  6248 | D:6      | Reached skill level 1 in Stealth
  6255 | D:6      | Reached * piety under Fedhas
  6302 | D:6      | Reached XP level 9. HP: 40/75 MP: 9/9
  8220 | D:8      | Noticed a two-headed ogre
  8237 | D:8      | Killed a two-headed ogre
  8237 | D:8      | Reached XP level 10. HP: 73/84 MP: 10/10
  8316 | D:8      | Reached ** piety under Fedhas
  8362 | D:8      | Reached skill level 1 in Throwing
  8381 | D:8      | Noticed a two-headed ogre
  8399 | D:8      | Killed a two-headed ogre
  8404 | D:8      | HP: 4/86 [acid (5)]
  9322 | D:8      | Reached *** piety under Fedhas
  9624 | D:9      | HP: 5/129 [poisoned by a gnoll sergeant]
  9625 | D:9      | Slain by a gnoll sergeant

Vault maps used:
D:1:      dpeg_arrival_rhombi
D:2:      minmay_lizard_king, uniq_terence, uniq_jessica
D:3:      minmay_misc_feat_four_crosses
D:4:      dk_vineyard_2, fedhas_bush_and_centaur_altar
D:5:      kennysheep_little_box, minmay_temple_entry_hall, first_bread,
          nicolae_zen_rock_garden, xom_teletrap_fun
D:6:      basic_altar
D:9:      serial_shops, shop
Temple:   roderic_octagonal_lattice_temple

Skill      XL: |  1  2  3  4  5  6  7  8  9 10 |
---------------+-------------------------------+-----
Fighting       | 4 5 6 7 |  7.3
Axes           | 3 4 5 6 |  6.3
Dodging        | 1 2 |  2.4
Armour         | 4 5 6 7 |  7.9
Shields        | 4 5 6 8 9 |  9.1
Polearms       | 3 5 8 9 |  9.1
Stealth        | 1 |  1.2
Throwing       | 1 |  1.0
Spellcasting   | |  0.2
Summonings     | |  0.6

Action                   |  1- 3 |  4- 6 |  7- 9 | 10-12 || total
-------------------------+-------+-------+-------+-------++-------
Melee: War axe           |   110 |   199 |     9 |       ||   318
       Spear             |       |       |   221 |       ||   221
       Trident           |       |       |   225 |   145 ||   370
Throw: Javelin           |       |       |     4 |     2 ||     6
Invok: Fungal Bloom      |       |       |    34 |    20 ||    54
       Growth            |       |       |       |     1 ||     1
  Use: Scroll            |       |     5 |     7 |     3 ||    15
       Potion            |       |     8 |     1 |     7 ||    16
  Eat: Fruit             |     2 |     1 |    12 |       ||    15
       Chunk             |       |     2 |       |       ||     2
       Royal jelly       |       |     1 |       |       ||     1
       Bread ration      |       |     1 |       |       ||     1
       Meat ration       |       |       |     2 |       ||     2
Armor: Scale mail        |    73 |    90 |    52 |       ||   215
       Plate armour      |       |       |   211 |    83 ||   294
       Skin              |       |       |       |    11 ||    11
Dodge: Dodged            |    46 |    77 |    94 |    24 ||   241
Block: Shield            |    82 |   105 |   245 |    94 ||   526
